 Dungeon Crawl Stone Soup version 0.31-a0-150-g89dc3ad700 (webtiles) character file.

Game seed: 7351069984923513104

1417 qw the Skirmisher (level 8, -6/73 HPs)
             Began as a Minotaur Hunter on June 8, 2023.
             Killed from afar by an orc wizard (9 damage)
             ... with a magic dart
             ... on level 5 of the Dungeon.
             The game lasted 00:01:45 (4118 turns).

qw the Skirmisher (Minotaur Hunter)                 Turns: 4118, Time: 00:01:45

Health: -6/73      AC:  7    Str: 16    XL:     8   Next: 43%
Magic:  7/7        EV: 12    Int:  6    God:
Gold:   45         SH:  0    Dex: 16    Spells: 7/7 levels left

rFire   . . .        Y - +2 shortbow
rCold   . . .        (shield currently unavailable)
rNeg    . . .        i - +0 ring mail
rPois   .            (helmet restricted)
rElec   .            (no cloak)
rCorr   .            f - +1 pair of gloves
SInv    .            (no boots)
Will    .....        (no amulet)
Stlth   +            (no ring)
HPRegen 0.32/turn    (no ring)
MPRegen 0.10/turn

%: no passive effects
@: no status effects
A: horns 2, retaliatory headbutt
a: no special abilities


You were on level 5 of the Dungeon.
You visited 1 branch of the dungeon, and saw 5 of its levels.

You collected 225 gold pieces.
You spent 180 gold pieces at shops.


Innate Abilities, Weirdness & Mutations

You have a pair of horns on your head.
You reflexively headbutt those who attack you in melee.


   Skills:
 - Level 7.0 Fighting
 + Level 10.1 Ranged Weapons
 - Level 2.0 Armour
 - Level 3.2 Dodging
 - Level 0.7 Stealth


You had 7 spell levels left.
You didn't know any spells.
Your spell library was empty.

Inventory:

Hand Weapons
 Y - a +2 shortbow (weapon)
Armour
 f - a +1 pair of gloves (worn)
 i - a +0 ring mail (worn)
Potions
 d - a potion of haste {unknown}
 g - a potion of curing {unknown}

Dungeon Overview and Level Annotations

Branches:
Dungeon (5/15)
 Temple: D:4-7

Altars:
Yredelemnul

Shops:
D:4 ?

Annotations:
D:3 2 transporters


Message History

You start resting.
An orc priest comes into view. It is wielding a +0 mace.
You shoot an arrow.
The arrow hits the orc priest but does no damage.
An orc wizard comes into view.
It is wielding a +0 dagger and carrying a wand of flame (17).
You shoot an arrow.
The arrow completely misses the orc wizard.
The orc wizard zaps a wand.
The puff of flame hits you!
You shoot an arrow. The arrow barely misses the orc wizard.
You shoot an arrow. The arrow hits the orc wizard.
The orc wizard is lightly wounded.
You hear a shout! x2
You shoot an arrow. The arrow hits the orc wizard.
The orc wizard is moderately wounded.
An orc wizard comes into view. It is wielding a +0 dagger. x2
4115 ||| Stepping ~*~*~tactically~*~*~ (outnumbered).
The orc wizard attacks as you move away!
The orc wizard hits you but does no damage.
The orc priest closely misses you.
Enter note:
Enter note:
Enter note:
Enter note:
4116 ||| Stepping ~*~*~tactically~*~*~ (outnumbered).
Enter note:
Enter note:
Enter note:
Enter note: You shoot an arrow.
The arrow barely misses the orc wizard.
The arrow closely misses the orc priest.
The orc wizard zaps a wand.
The puff of flame hits you!
The orc priest mumbles some strange prayers to Beogh against you.
Beogh smites you!
You shoot an arrow. The arrow hits the orc wizard.
The orc wizard is heavily wounded.
The orc priest mumbles some strange prayers to Beogh against you.
Pain shoots through your body!
The orc wizard points at you and mumbles some strange words.
The magic dart hits you!
You die...

~~# .~# . .. .~# .####.
.~# ..... .~# #o.. .~#
#o. .~##### #.# +#
.~#...########o##.######
.~#...........o.@.......
.~#...........>.o.......
.~#.....................
.~#...##............##..
~~#...##............# #
###...+........8....#
.##...##........8...#
..#...##.......#.....
..#...#######..#


You could see an orc priest and 2 orc wizards.

Vanquished Creatures
  Edmund (D:5)
  2 ogres (D:4)
  A centaur (D:5)
  A phantom (D:5)
  2 water moccasin zombies (D:5)
  A scorpion (D:5)
  A water moccasin skeleton (D:5)
  A howler monkey (D:5)
  3 centaur zombies (D:5)
  2 bullfrog zombies (D:5)
  3 orc priests
  A bullfrog skeleton (D:5)
  A hound (D:5)
  5 iguanas
  A scorpion zombie (D:5)
  An orc wizard (D:4)
  A killer bee zombie (D:5)
  A hound zombie (D:5)
  8 adders
  An adder zombie (D:5)
  A worm (D:2)
  14 orcs
  11 endoplasms
  5 giant cockroaches
  17 goblins
  6 hobgoblins
  4 jackals (D:3)
  7 ball pythons
  5 bats
  4 frilled lizards
  11 kobolds
  3 rats
126 creatures vanquished.

Notes
Turn   | Place    | Note
-------+----------+-------------------------------------------
     0 | D:1      | qw the Minotaur Hunter began the quest for the Orb.
     0 | D:1      | Reached XP level 1. HP: 18/18 MP: 0/0
     0 | D:1      | 0 ||| qw: Version: 0.2-a-119-g7aa9181
     0 | D:1      | 0 ||| qw: Game counter: 2849
     0 | D:1      | 0 ||| qw: Always use a shield: true
     0 | D:1      | 0 ||| qw: God list: Okawaru
     0 | D:1      | 0 ||| qw: Allow faded altars: false
     0 | D:1      | 0 ||| qw: Do Orc after D:15 true
     0 | D:1      | 0 ||| qw: Do second Lair branch before Depths: true
     0 | D:1      | 0 ||| qw: Lair rune preference: random
     0 | D:1      | 0 ||| qw: Plans: Normal
     0 | D:1      | 0 ||| PLANNING D:1-11
   123 | D:1      | Reached XP level 2. HP: 25/25 MP: 1/1
   137 | D:1      | Reached skill level 5 in Ranged Weapons
   298 | D:1      | Reached skill level 3 in Fighting
   412 | D:1      | 412 ||| UPGRADING to +0 pair of gloves.
   417 | D:1      | 417 ||| READING scroll labelled FUOTENN KOKOGG.
   418 | D:1      | 418 ||| READING scroll labelled YGIKKUJEUJ.
   419 | D:1      | 419 ||| READING scroll labelled MAULIH DYIR.
   420 | D:1      | 420 ||| DROPPING scroll of butterflies.
   526 | D:2      | Reached XP level 3. HP: 31/31 MP: 2/2
   844 | D:2      | Reached XP level 4. HP: 38/38 MP: 3/3
   845 | D:2      | Reached skill level 6 in Ranged Weapons
   874 | D:2      | You fall into a shaft and drop 2 floors!
   892 | D:4      | Noticed an ogre
   899 | D:4      | HP: 4/38 [ogre/+0 giant club (22)]
   900 | D:4      | Killed an ogre
   901 | D:4      | Reached XP level 5. HP: 5/47 MP: 4/4
  1258 | D:4      | Reached XP level 6. HP: 18/53 MP: 5/5
  1415 | D:4      | 1415 ||| UPGRADING to +0 ring mail.
  1425 | D:4      | 1425 ||| DROPPING +0 leather armour.
  1426 | D:4      | 1426 ||| DROPPING ring of magical power.
  1427 | D:4      | 1427 ||| READING scroll labelled HUNYF BAENG.
  1428 | D:4      | 1428 ||| DRINKING 2 smoky ruby potions.
  1429 | D:4      | 1429 ||| DRINKING 2 clear potions.
  1430 | D:4      | 1430 ||| DROPPING potion of attraction.
  1611 | D:3      | Reached skill level 7 in Ranged Weapons
  1786 | D:3      | 1786 ||| READING scroll labelled QETZOE VOEQA.
  2083 | D:3      | Found a transporter.
  2098 | D:3      | Found a transporter.
  2330 | D:3      | Found a faded altar of an unknown god.
  2401 | D:3      | 2401 ||| READING scroll labelled DUSOUD PAMAN.
  2402 | D:3      | 2402 ||| READING scroll labelled TUAS DOAJU.
  2445 | D:4      | HP: 7/53 [ogre/+0 giant spiked club (17)]
  2446 | D:4      | 2446 ||| DRINKING potion of heal wounds.
  2639 | D:4      | Found a basalt altar of Yredelemnul.
  2656 | D:4      | Reached skill level 8 in Ranged Weapons
  2658 | D:4      | Found Zaajip's Magic Scroll Shop.
  2669 | D:4      | 2669 ||| BUYING scroll of enchant armour (90 gold).
  2669 | D:4      | Bought a scroll of enchant armour for 90 gold pieces
  2669 | D:4      | 2669 ||| BUYING scroll of enchant weapon (90 gold).
  2669 | D:4      | Bought a scroll of enchant weapon for 90 gold pieces
  2669 | D:4      | 2669 ||| SHOPLISTING scroll of identify (24 gold, have 3).
  2669 | D:4      | 2669 ||| READING scroll of enchant armour.
  2669 | D:4      | 2669 ||| ENCHANTING +0 pair of gloves.
  2670 | D:4      | 2670 ||| READING scroll of enchant weapon.
  2670 | D:4      | 2670 ||| ENCHANTING +0 shortbow.
  3031 | D:4      | 3031 ||| READING scroll labelled ATHRIU OROICU.
  3051 | D:5      | Entered Level 5 of the Dungeon
  3073 | D:5      | Reached XP level 7. HP: 44/61 MP: 6/6
  3337 | D:5      | Reached skill level 9 in Ranged Weapons
  3360 | D:5      | HP: 11/61 [centaur/arrow (11)]
  3362 | D:5      | Reached skill level 3 in Dodging
  3617 | D:5      | Reached skill level 6 in Fighting
  3640 | D:5      | Identified the +3 long sword "Otistriom" {elec, rC++
                  | Stlth-}
  3671 | D:5      | Reached XP level 8. HP: 66/70 MP: 7/7
  3714 | D:5      | 3714 ||| READING scroll of enchant weapon.
  3714 | D:5      | 3714 ||| ENCHANTING +1 shortbow.
  3790 | D:5      | HP: 8/70 [iguana (11)]
  3791 | D:5      | 3791 ||| DRINKING potion of heal wounds.
  4077 | D:5      | Reached skill level 10 in Ranged Weapons
  4090 | D:5      | Noticed Edmund
  4106 | D:5      | Killed Edmund
  4115 | D:5      | 4115 ||| Stepping ~*~*~tactically~*~*~ (outnumbered).
  4116 | D:5      | 4116 ||| Stepping ~*~*~tactically~*~*~ (outnumbered).
  4117 | D:5      | HP: 17/73 [orc wizard/puff of flame (9)]
  4117 | D:5      | HP: 4/73 [orc priest/divine providence (13)]
  4118 | D:5      | Killed from afar by an orc wizard

Levels and vault maps discovered:
D:1:      dpeg_arrival_solitude, layout_rooms, chequers_jeans
D:2:      layout_basic
D:3:      gammafunk_steamed_eel, layout_basic,
          dilly_ecumenical_altar_fadedgnrine, kennysheep_generic_room_14
D:4:      layout_basic, mainiacjoe_overflow_boulevard, serial_shops,
          nicolae_shop_waterfront, minmay_ogre_servants
D:5:      layout_gridville, old_standard_altar, serial_undead, serial_undead_f,
          serial_undead_b, serial_undead_c, serial_undead_d, serial_undead_b,
          serial_undead_f, serial_undead_c, nrook_mini_backslash,
          grunt_decor_one_mirror, kennysheep_small_spiral, kennysheep_path_1,
          uniq_edmund, uniq_ijyb

Skill      XL: |  1  2  3  4  5  6  7  8 |
---------------+-------------------------+-----
Ranged Weapons | 5 6 8 9 10 | 10.1
Fighting       | 3 4 5 6 7 |  7.0
Armour         | 2 |  2.0
Dodging        | 3 |  3.2
Stealth        | |  0.7

Action                     |  1- 3 |  4- 6 |  7- 9 || total
---------------------------+-------+-------+-------++-------
   Fire: Shortbow          |    94 |   210 |   175 ||   479
    Use: Scroll            |     3 |     7 |     1 ||    11
         Potion            |       |     3 |     1 ||     4
 Armour: Leather armour    |     3 |     1 |       ||     4
         Ring mail         |       |    30 |    47 ||    77
  Dodge: Dodged            |    12 |    92 |    88 ||   192

Table legend:
 A = Non-vault XP
 B = Vault XP
 C = Vault XP percentage of total XP
 D = Non-vault monster count
 E = Vault monster count
 F = Vault count percentage of total count
                 A         B        C        D         E       F
            +---------+---------+-------+---------+---------+-------
      Total |    1011 |    1014 |  50.1 |     101 |      25 |  19.8
            +---------+---------+-------+---------+---------+-------
        D:1 |      30 |       0 |   0.0 |      19 |       0 |   0.0
        D:2 |      84 |       0 |   0.0 |      26 |       0 |   0.0
        D:3 |     122 |       2 |   1.6 |      22 |       1 |   4.3
        D:4 |     323 |     131 |  28.9 |      24 |       9 |  27.3
        D:5 |     452 |     881 |  66.1 |      10 |      15 |  60.0
            +---------+---------+-------+---------+---------+-------
